 Dungeon Crawl Stone Soup version 0.25.1-2-g60ff931df9 (webtiles) character file.

Game seed: 16677942998391392522

42 Qrupt the Ducker (level 3, -4/28 HPs)
             Began as a Demonspawn Gladiator on Oct 29, 2020.
             Slain by a gnoll
             ... wielding a +0 halberd
              (11 damage)
             ... on level 1 of the Dungeon.
             The game lasted 00:02:16 (1836 turns).

Qrupt the Ducker (Demonspawn Gladiator)             Turns: 1836, Time: 00:02:16

Health: -4/28      AC:  4    Str: 15    XL:     3   Next: 35%
Magic:  3/3        EV: 13    Int:  9    God:
Gold:   116        SH:  0    Dex: 14    Spells: 2/2 levels left

rFire    . . .     SeeInvis .   a - +0 long sword
rCold    + . .     Gourm    .   (no shield)
rNeg     . . .     Faith    .   b - +0 leather armour
rPois    +         Spirit   .   c - +0 helmet
rElec    .         Reflect  .   (no cloak)
rCorr    .         Harm     .   (no gloves)
MR       .....                  (no boots)
Stlth    +.........             (no amulet)
HPRegen  0.09/turn              m - ring of protection from cold
MPRegen  0.08/turn              l - ring of poison resistance

@: no status effects
A: powered by pain 1, rot immunity
a: no special abilities


You were on level 1 of the Dungeon.
You were not hungry.

You visited 1 branch of the dungeon, and saw 2 of its levels.

You collected 116 gold pieces.

Inventory:

Hand Weapons
 a - a +0 long sword (weapon)
Missiles
 d - 3 throwing nets (quivered)
Armour
 b - a +0 leather armour (worn)
 c - a +0 helmet (worn)
Jewellery
 k - an uncursed ring of magical power
 l - a ring of poison resistance (right hand)
 m - a ring of protection from cold (left hand)
Scrolls
 e - 3 scrolls of teleportation {unknown}
 g - 2 scrolls of enchant armour {unknown}
 i - 3 scrolls of remove curse {unknown}
Potions
 j - a potion of degeneration {unknown}
 n - 2 potions of ambrosia {unknown}
 o - a potion of brilliance {unknown}
Comestibles
 f - 5 rations


   Skills:
 + Level 2.7 Fighting
 + Level 3.2 Long Blades
 - Level 1.7 Throwing
 + Level 3.2 Dodging


You had 2 spell levels left.
You didn't know any spells.
Your spell library was empty.

Dungeon Overview and Level Annotations

Branches:
Dungeon (2/15)

Altars:
Zin


Innate Abilities, Weirdness & Mutations

You sometimes gain a little power by taking damage.
You are immune to rotting.


Message History

You hit the gnoll.
The gnoll is lightly wounded.
The gnoll closely misses you.
You closely miss the gnoll.
The gnoll is lightly wounded.
The gnoll misses you.
You hit the gnoll.
The gnoll is moderately wounded.
The gnoll closely misses you.
You hit the gnoll.
The gnoll is heavily wounded.
The gnoll barely misses you.
You hit the gnoll.
The gnoll is severely wounded.
The gnoll hits you with a +0 halberd!
* * * LOW HITPOINT WARNING * * *
You barely miss the gnoll.
The gnoll is severely wounded.
The gnoll hits you with a +0 halberd!
You die...

#.#########.# #.#
#....... #.####..#....
####### #..........##
#.....#
##############..#..#.
#.###.# ##......#
#..#....
#.#.#.####...###.#####
#.......
#..#.................#
#.......
#.#.#.####....@#รท##..#
######.# #.....#
####.g#.....# #...
###.### #.....#..# #...
#.# ####..##(#..# #...
#####.# ####...........#
#... #...#.#
#.....#........#######...
#.....#
#.....#.##..#.###........
#...###
#.......##...............
##.##
#.....####............)..


You could see a gnoll.

Vanquished Creatures
  2 oozes (D:1)
  A leopard gecko (D:1)
  2 giant cockroaches (D:2)
  4 goblins (D:1)
  5 hobgoblins
  3 jackals (D:1)
  4 bats
  3 frilled lizards (D:2)
  4 kobolds (D:1)
  2 rats
30 creatures vanquished.

Notes
Turn   | Place    | Note
-------+----------+-------------------------------------------
     0 | D:1      | Qrupt the Demonspawn Gladiator began the quest for the Orb.
     0 | D:1      | Reached XP level 1. HP: 16/16 MP: 1/1
   283 | D:1      | Gained mutation: You sometimes gain a little power by
                  | taking damage. [demonic ancestry]
   283 | D:1      | Reached XP level 2. HP: 12/22 MP: 2/2
  1021 | D:1      | Gained mutation: You are immune to rotting. [demonic
                  | ancestry]
  1021 | D:1      | Reached XP level 3. HP: 28/28 MP: 3/3
  1766 | D:2      | Found a glowing silver altar of Zin.
  1836 | D:1      | Slain by a gnoll

Illustrated notes

Levels and vault maps discovered:
D:1:      dpeg_arrival_simpleton_c, layout_loops_cross, corexii_hall_statues_u
D:2:      layout_loops_cross, lemuel_crystal_altar

Skill      XL: |  1  2 |
---------------+-------+-----
Long Blades    | 3 |  3.2
Dodging        | 3 |  3.2
Fighting       | |  2.7
Throwing       | |  1.7

Action                   || total
-------------------------++-------
Melee: Long sword        ||    77
 Stab: Sleeping          ||     1
  Eat: Chunk             ||     3
Armor: Leather armour    ||    31
Dodge: Dodged            ||    63
       Rpst.: Long sword ||    14
